 Dungeon Crawl Stone Soup version 0.18.1-50-g88ac8fd (webtiles) character file.

623 Kokiki the Sneak (level 7, -3/45 HPs)
             Began as a Halfling Assassin on Sept 17, 2016.
             Slain by Grinder (6 damage)
             ... on level 5 of the Dungeon.
             The game lasted 00:26:25 (4798 turns).

Kokiki the Sneak (Halfling Assassin)                Turns: 4798, Time: 00:26:25

Health: -3/45      AC:  6    Str: 11    XL:     7   Next: 75%
Magic:  7/7        EV: 18    Int: 10    God:
Gold:   252        SH:  5    Dex: 18    Spells: 0 memorised, 6 levels left

rFire  + . .     SeeInvis .     m - +2 dagger (venom)
rCold  . . .     Gourm    .     c - +0 robe
rNeg   . . .     Faith    .     (shield restricted)
rPois  .         Spirit   .     (no helmet)
rElec  .         Dismiss  .     d - +1 cloak
rCorr  +         Reflect  +     (no gloves)
SustAt .         Harm     .     s - +1 pair of boots
MR     .....                    k - +5 amulet of reflection
Stlth  ++++......               p - ring of protection from fire
                                i - ring of resist corrosion

@: hasted, very quick, not resistant to hostile enchantments, stealthy
A: mutation resistance 1
a: no special abilities


You were on level 5 of the Dungeon.
You were not hungry.

You visited 2 branches of the dungeon, and saw 6 of its levels.

You collected 252 gold pieces.

Inventory:

Hand Weapons
 b - a +0 blowgun
 m - a +2 dagger of venom (weapon)
Missiles
 e - 18 poisoned needles
 f - 2 curare-tipped needles
 v - 7 needles of confusion
Armour
 c - a +0 robe (worn)
 d - a +1 cloak (worn)
 s - a +1 pair of boots (worn)
Jewellery
 i - a ring of resist corrosion (left hand)
 k - a +5 amulet of reflection (around neck)
 p - a ring of protection from fire (right hand)
 t - an uncursed amulet of faith {unknown}
Wands
 l - a wand of flame (26/48)
Scrolls
 j - a scroll of remove curse
 n - a scroll of amnesia
Potions
 a - a potion of brilliance
Comestibles
 g - 3 bread rations
 h - 3 beef jerkies
 o - a meat ration
 u - 2 chunks of flesh


   Skills:
 + Level 2.8 Fighting
 + Level 4.2 Short Blades
 + Level 2.6 Throwing
 + Level 5.3 Dodging
 + Level 7.2 Stealth


You had 6 spell levels left.
You didn't know any spells.

Dungeon Overview and Level Annotations

Branches:
Dungeon (5/15)             Temple (1/1) D:4

Altars:
Ashenzari
Cheibriados
Elyvilon
Fedhas
Gozag
Kikubaaqudgha
Makhleb
Nemelex Xobeh
Okawaru
Pakellas
Qazlal
Ru
Trog
Xom
Yredelemnul
Zin
The Shining One
Lugonu

Annotations:
D:3 Menkaure
D:5 Grinder


Innate Abilities, Weirdness & Mutations

You are small and have problems with some larger weapons.
You are somewhat resistant to further mutation.


Message History

You suddenly lose the ability to move!
Grinder hits you!
You writhe in agony.
Grinder hits you.
* * * LOW HITPOINT WARNING * * *
You writhe in agony.
* * * LOW HITPOINT WARNING * * *
Grinder hits you.
* * * LOW HITPOINT WARNING * * *
You writhe in agony.
* * * LOW HITPOINT WARNING * * *
You can move again.
Drink which item? (? for menu, Esc to quit)
You feel better. You block Grinder's attack.
Read which item? (? for menu, Esc to quit)
Okay, then.
Drink which item? (? for menu, Esc to quit)
You feel yourself speed up. Grinder hits you.
* * * LOW HITPOINT WARNING * * *
You writhe in agony.
You die...

#.# .#. #.###.###....
#............
#####.h......
#..........
#.#........
#.#........
############.#.###...!
#.......5@...#.# ....
#.##...####_.#.###....
#.#.###.###........ ..
#.. ....#
#..........## #.#
#.#.###...)......# #.#
#.#....).........# #.#
#.#.##.####........
#.#
#.#.##.####.###.###
#.####>..........# .#


You could see Grinder.

Vanquished Creatures
  A phantom (D:4)
  A sky beast (D:5)
  A scorpion (D:4)
  A hound (D:4)
  An orc priest (D:4)
  A worker ant (D:4)
  Natasha (thrice) (D:4 D:5)
  Robin (D:1)
  4 gnolls (D:5)
  6 adders
  2 oozes (D:2)
  3 worms
  2 dart slugs
  4 giant geckos
  5 orcs
  11 bats
  7 giant cockroaches
  14 goblins
  9 hobgoblins
  10 jackals
  8 kobolds
  A quokka (D:4)
  2 ball pythons
  A giant newt (D:2)
  5 rats
104 creatures vanquished.

Notes
Turn   | Place    | Note
--------------------------------------------------------------
     0 | D:1      | Kokiki the Halfling Assassin began the quest for the Orb.
     0 | D:1      | Reached XP level 1. HP: 14/14 MP: 1/1
     6 | D:1      | Noticed an anaconda
     6 | D:1      | Noticed a polar bear
     6 | D:1      | Noticed a swamp worm
     6 | D:1      | Noticed a rime drake
    56 | D:1      | Reached XP level 2. HP: 6/19 MP: 2/2
   308 | D:1      | Reached skill level 5 in Stealth
   521 | D:1      | Reached XP level 3. HP: 20/24 MP: 3/3
   986 | D:2      | Reached XP level 4. HP: 29/29 MP: 4/4
  1154 | D:2      | Noticed Robin
  1220 | D:1      | Killed Robin
  1503 | D:2      | Reached XP level 5. HP: 31/34 MP: 5/5
  2114 | D:3      | Found a burning altar of Makhleb.
  2116 | D:3      | Found a shimmering altar of Xom.
  2116 | D:3      | Found a shattered altar of Ashenzari.
  2152 | D:3      | Found an oddly glowing altar of Pakellas.
  2651 | D:3      | Reached skill level 6 in Stealth
  2654 | D:3      | Found a basalt altar of Yredelemnul.
  2702 | D:4      | Noticed Natasha
  2830 | D:4      | Reached XP level 6. HP: 41/41 MP: 6/6
  2840 | D:4      | Found a stormy altar of Qazlal.
  2887 | D:4      | Killed Natasha
  2890 | D:4      | Found a staircase to the Ecumenical Temple.
  2914 | Temple   | Entered the Ecumenical Temple
  2994 | D:4      | Found a sacrificial altar of Ru.
  3036 | D:4      | Noticed Natasha
  3045 | D:4      | Killed Natasha
  3144 | D:4      | Noticed a phantom
  3507 | D:4      | Reached XP level 7. HP: 45/45 MP: 7/7
  3723 | D:4      | Noticed Menkaure
  4545 | D:5      | Entered Level 5 of the Dungeon
  4545 | D:5      | Found a shimmering altar of Xom.
  4603 | D:5      | Reached skill level 5 in Dodging
  4603 | D:5      | Reached skill level 7 in Stealth
  4734 | D:5      | Found a sparkling altar of Nemelex Xobeh.
  4750 | D:5      | Noticed Grinder
  4751 | D:5      | Noticed Natasha
  4769 | D:5      | Killed Natasha
  4793 | D:5      | Paralysed by Grinder for 3 turns
  4798 | D:5      | Slain by Grinder

Skill      XL: |  1  2  3  4  5  6  7 |
---------------+----------------------+-----
Stealth        | 5 6 7 |  7.2
Fighting       | 2 |  2.8
Dodging        | 2 3 4 5 |  5.3
Short Blades   | 3 4 |  4.2
Throwing       | |  2.6

Action                   |  1- 3 |  4- 6 |  7- 9 || total
-------------------------+-------+-------+-------++-------
Melee: Dagger            |    64 |   187 |    86 ||   337
 Fire: Blowgun           |       |    10 |     3 ||    13
Throw: Throwing net      |       |       |     1 ||     1
  Use: Scroll            |     6 |     9 |     2 ||    17
       Potion            |     1 |     5 |     3 ||     9
 Stab: Sleeping          |     9 |    16 |     1 ||    26
       Distracted        |       |     1 |       ||     1
  Eat: Royal jelly       |       |     1 |       ||     1
       Chunk             |       |     6 |     1 ||     7
       Fruit             |       |     1 |     3 ||     4
Armor: Robe              |    18 |    17 |     5 ||    40
Dodge: Dodged            |    52 |   109 |    36 ||   197
Block: Other             |       |    36 |    10 ||    46
       Reflection        |       |     1 |       ||     1
